| TOP OF THE 1ST |
|
Princeton Rays batting - Pitching for Seattle (APP) Mariners : LHP Ramiro Aguilar
|
|
Pitching: LHP Ramiro Aguilar
|
|
|
Batting: RHB Willie Acevedo
|
0-0: Called Strike 0-1: Ball 1-1: Ball 2-1: Called Strike 2-2: Ground out 5-3 (Groundball, 56, EV 109.4 MPH)
|
|
Batting: RHB Ben Saxton
|
0-0: Ball 1-0: Ball 2-0: DOUBLE (Line Drive, 78D, EV 100.6 MPH)
|
|
Batting: LHB Dave Northam
|
0-0: Ball 1-0: Ball 2-0: Foul Ball, location: 2F 2-1: Ball 3-1: Base on Balls
|
|
Batting: SHB Omar Cervantes
|
0-0: Ball Wild Pitch! Ben Saxton to third Dave Northam to second 1-0: Called Strike 1-1: Ball 2-1: Fly out, F7 (Flyball, 7, EV 96.9 MPH) Runner from 3rd tags up, OUT at HOME! 7-2
|
| Top of the 1st over - 0 runs, 1 hit, 0 errors, 1 left on base; Princeton 0 - Seattle (APP) 0 |
| BOTTOM OF THE 1ST |
|
Seattle (APP) Mariners batting - Pitching for Princeton Rays : RHP Jesus Espinosa
|
|
Pitching: RHP Jesus Espinosa
|
|
|
Batting: LHB Yoshihisa Kobayashi
|
0-0: Ground out 6-3 (Groundball, 4M, EV 93.8 MPH)
|
|
Batting: RHB Eddie Luna
|
0-0: DOUBLE (Line Drive, 9LS, EV 108.1 MPH)
|
|
Batting: LHB William Gonzales
|
0-0: Foul Ball, location: 2F 0-1: Ball 1-1: Ball 2-1: Foul Ball, location: 2F 2-2: Foul Ball, location: 2F 2-2: 2-RUN HOME RUN (Flyball, 9D, EV 94.4 MPH), Distance : 375 ft
|
|
Batting: RHB Rich Griffith
|
0-0: Called Strike 0-1: SINGLE (Groundball, 56D, EV 106.2 MPH)
|
|
Batting: RHB Ross Hallock
|
0-0: Called Strike Rich Griffith steals 2nd base (no throw) 0-1: Swinging Strike 0-2: Ball 1-2: Foul Ball, location: 2F 1-2: SINGLE (Groundball, 4M, EV 103.1 MPH) (infield hit) Rich Griffith to third
|
|
Batting: RHB Victor Rosas
|
0-0: Ball 1-0: Ball 2-0: Ball 3-0: Called Strike 3-1: Fielders Choice at 2nd, 1-6 (Groundball, 13, EV 63.8 MPH)
|
|
Batting: RHB Steve Carmichael
|
0-0: Ball 1-0: Called Strike 1-1: Called Strike 1-2: Foul Ball, location: 2F 1-2: Ball 2-2: Foul Ball, location: 2F 2-2: Strikes out swinging
|
| Bottom of the 1st over - 2 runs, 4 hits, 0 errors, 2 left on base; Princeton 0 - Seattle (APP) 2 |
| TOP OF THE 2ND |
|
Princeton Rays batting - Pitching for Seattle (APP) Mariners : LHP Ramiro Aguilar
|
|
Batting: RHB Toshikatsu Omori
|
0-0: Swinging Strike 0-1: Fly out, F9 (Flyball, 89M, EV 95.6 MPH)
|
|
Batting: RHB Jeff Standridge
|
0-0: Ball 1-0: Swinging Strike 1-1: Swinging Strike 1-2: Fly out, F7 (Flyball, 78M, EV 76.9 MPH)
|
|
Batting: LHB Matt Pena
|
0-0: Foul Ball, location: 2F 0-1: Ball 1-1: Ball 2-1: Foul Ball, location: 2F 2-2: Foul Ball, location: 2F 2-2: Strikes out swinging
|
| Top of the 2nd over - 0 runs, 0 hits, 0 errors, 0 left on base; Princeton 0 - Seattle (APP) 2 |
| BOTTOM OF THE 2ND |
|
Seattle (APP) Mariners batting - Pitching for Princeton Rays : RHP Jesus Espinosa
|
|
Batting: RHB Tristan Martin
|
0-0: Fly out, F9 (Line Drive, 89M, EV 90.0 MPH)
|
|
Batting: LHB Garrett Dodge
|
0-0: Foul Ball, location: 2F 0-1: Ball 1-1: Ground out 4-3 (Groundball, 4M, EV 76.9 MPH)
|
|
Batting: LHB Yoshihisa Kobayashi
|
0-0: Swinging Strike 0-1: Ball 1-1: DOUBLE (Line Drive, 7LS, EV 103.1 MPH)
|
|
Batting: RHB Eddie Luna
|
0-0: Called Strike 0-1: Ball 1-1: Ball 2-1: Reached on error, E5 (Groundball, 56S, EV 76.2 MPH) Yoshihisa Kobayashi to third
|
|
Batting: LHB William Gonzales
|
0-0: Called Strike 0-1: Ball 1-1: Ball 2-1: SINGLE (Groundball, 56D, EV 103.8 MPH) Yoshihisa Kobayashi scores Eddie Luna to second
|
|
Batting: RHB Rich Griffith
|
0-0: Ball 1-0: SINGLE (Groundball, 4MD, EV 98.8 MPH) Eddie Luna to third William Gonzales to second Runner from 3rd tries for Home, SAFE, throw by CF to home
|
|
Batting: RHB Ross Hallock
|
0-0: Ball 1-0: Fly out, F9 (Flyball, 89XD, EV 93.8 MPH)
|
| Bottom of the 2nd over - 2 runs, 3 hits, 1 error, 2 left on base; Princeton 0 - Seattle (APP) 4 |
| TOP OF THE 3RD |
|
Princeton Rays batting - Pitching for Seattle (APP) Mariners : LHP Ramiro Aguilar
|
|
Batting: RHB Cody Gebo
|
0-0: Ground out 4-3 (Groundball, 4, EV 88.1 MPH)
|
|
Batting: RHB Gilbert Hoareau
|
0-0: Ball 1-0: Ball 2-0: Called Strike 2-1: Ball 3-1: Foul Ball, location: 2F 3-2: Foul Ball, location: 2F 3-2: Ground out 5-3 (Groundball, 56S, EV 69.4 MPH)
|
|
Batting: RHB Willie Acevedo
|
0-0: Foul Ball, location: 2F 0-1: Ball 1-1: DOUBLE (Flyball, 8RD, EV 104.4 MPH)
|
|
Batting: RHB Ben Saxton
|
0-0: Ball 1-0: Called Strike 1-1: Ball 2-1: Ball 3-1: Ground out 4-3 (Groundball, 4D, EV 104.4 MPH)
|
| Top of the 3rd over - 0 runs, 1 hit, 0 errors, 1 left on base; Princeton 0 - Seattle (APP) 4 |
| BOTTOM OF THE 3RD |
|
Seattle (APP) Mariners batting - Pitching for Princeton Rays : RHP Jesus Espinosa
|
|
Batting: RHB Victor Rosas
|
0-0: Ground out 6-3 (Groundball, 6D, EV 102.5 MPH)
|
|
Batting: RHB Steve Carmichael
|
0-0: Called Strike 0-1: Ball 1-1: Foul Ball, location: 2F 1-2: Strikes out swinging
|
|
Batting: RHB Tristan Martin
|
0-0: Ball 1-0: Foul Ball, location: 2F 1-1: Ball 2-1: Foul Ball, location: 2F 2-2: SINGLE (Line Drive, 89S, EV 108.8 MPH)
|
|
Batting: LHB Garrett Dodge
|
0-0: Ball 1-0: Swinging Strike 1-1: Ball 2-1: Ball 3-1: Called Strike 3-2: Foul Ball, location: 2F 3-2: Base on Balls Tristan Martin to second
|
|
Batting: LHB Yoshihisa Kobayashi
|
0-0: Foul Ball, location: 2F 0-1: Ball 1-1: Ball 2-1: Ball 3-1: Base on Balls Tristan Martin to third Garrett Dodge to second
|
|
Batting: RHB Eddie Luna
|
0-0: Ball 1-0: Ball 2-0: DOUBLE (Line Drive, 7LM, EV 106.9 MPH) Tristan Martin scores Garrett Dodge scores Yoshihisa Kobayashi to third Runner from 3rd tries for Home, throw by LF and OUT! 7-2
|
| Bottom of the 3rd over - 2 runs, 2 hits, 0 errors, 1 left on base; Princeton 0 - Seattle (APP) 6 |
| TOP OF THE 4TH |
|
Princeton Rays batting - Pitching for Seattle (APP) Mariners : LHP Ramiro Aguilar
|
|
Batting: LHB Dave Northam
|
0-0: Called Strike 0-1: Swinging Strike 0-2: Ball 1-2: Ball 2-2: Ball 3-2: Fly out, F5 (Popup, 56S, EV 79.4 MPH)
|
|
Batting: SHB Omar Cervantes
|
0-0: Ball 1-0: Called Strike 1-1: Ground out 4-3 (Groundball, 4M, EV 103.8 MPH)
|
|
Batting: RHB Toshikatsu Omori
|
0-0: Foul Ball, location: 2F 0-1: Swinging Strike 0-2: Ball 1-2: Ball 2-2: Ground out 4-3 (Groundball, 4D, EV 106.2 MPH)
|
| Top of the 4th over - 0 runs, 0 hits, 0 errors, 0 left on base; Princeton 0 - Seattle (APP) 6 |
| BOTTOM OF THE 4TH |
|
Seattle (APP) Mariners batting - Pitching for Princeton Rays : RHP Jesus Espinosa
|
|
Pitching: RHP Jonathan Holland
|
|
|
Batting: LHB William Gonzales
|
0-0: Ball 1-0: Foul Ball, location: 2F 1-1: Foul Ball, location: 2F 1-2: Strikes out swinging
|
|
Batting: RHB Rich Griffith
|
0-0: Foul Ball, location: 2F 0-1: Ball 1-1: Foul Ball, location: 2F 1-2: Foul Ball, location: 2F 1-2: Foul Ball, location: 2F 1-2: SINGLE (Groundball, 5S, EV 74.4 MPH) (infield hit)
|
|
Batting: RHB Ross Hallock
|
0-0: Ball 1-0: Called Strike Rich Griffith steals 2nd base (no throw) 1-1: Foul Ball, location: 2F 1-2: Ball 2-2: Ball 3-2: Base on Balls
|
|
Batting: RHB Victor Rosas
|
0-0: Called Strike 0-1: SINGLE (Line Drive, 7S, EV 105.0 MPH) Rich Griffith to third Ross Hallock to second
|
|
Batting: RHB Steve Carmichael
|
0-0: Foul Ball, location: 2F 0-1: Ball 1-1: Called Strike 1-2: Ball 2-2: Foul Ball, location: 2F 2-2: Foul Ball, location: 2F 2-2: Ball 3-2: Base on Balls Rich Griffith scores Ross Hallock to third Victor Rosas to second
|
|
Batting: RHB Tristan Martin
|
0-0: Called Strike 0-1: Called Strike 0-2: Strikes out swinging
|
|
Batting: LHB Garrett Dodge
|
0-0: Fielders Choice at 2nd, 6-4 (Groundball, 6, EV 106.2 MPH)
|
| Bottom of the 4th over - 1 run, 2 hits, 0 errors, 3 left on base; Princeton 0 - Seattle (APP) 7 |
| TOP OF THE 5TH |
|
Princeton Rays batting - Pitching for Seattle (APP) Mariners : LHP Ramiro Aguilar
|
|
Batting: RHB Jeff Standridge
|
0-0: Ball 1-0: Called Strike 1-1: Ball 2-1: Ball 3-1: Base on Balls
|
|
Batting: LHB Matt Pena
|
0-0: Called Strike 0-1: Foul Ball, location: 2F 0-2: Foul Ball, location: 2F 0-2: Strikes out swinging
|
|
Batting: RHB Cody Gebo
|
0-0: Ball 1-0: Ball 2-0: Foul Ball, location: 2F 2-1: Foul Ball, location: 2F 2-2: Ball 3-2: Foul Ball, location: 2F 3-2: Ground out 4-3 (Groundball, 34D, EV 110.0 MPH) Jeff Standridge to second
|
|
Batting: RHB Gilbert Hoareau
|
0-0: Called Strike 0-1: Ball 1-1: Fly out, F4 (Line Drive, 34D, EV 70.0 MPH)
|
| Top of the 5th over - 0 runs, 0 hits, 0 errors, 1 left on base; Princeton 0 - Seattle (APP) 7 |
| BOTTOM OF THE 5TH |
|
Seattle (APP) Mariners batting - Pitching for Princeton Rays : RHP Jonathan Holland
|
|
Batting: LHB Yoshihisa Kobayashi
|
0-0: Ball 1-0: Called Strike 1-1: SINGLE (Line Drive, 89S, EV 108.8 MPH)
|
|
Batting: RHB Eddie Luna
|
0-0: Called Strike 0-1: Fielders Choice at 2nd, 3-6 (Groundball, 34, EV 85.6 MPH)
|
|
Batting: LHB William Gonzales
|
0-0: Foul Ball, location: 2F 0-1: Ball 1-1: Called Strike 1-2: Foul Ball, location: 2F 1-2: Ball Pickoff Throw by Catcher to First - Out! 2-2: SOLO HOME RUN (Flyball, 9D, EV 95.6 MPH), Distance : 362 ft
|
|
Batting: RHB Rich Griffith
|
0-0: Ball 1-0: Ball 2-0: Called Strike 2-1: SINGLE (Line Drive, 78S, EV 94.4 MPH)
|
|
Pitching: RHP J.P. Taylor
|
|
|
Batting: RHB Ross Hallock
|
0-0: Ball 1-0: Foul Ball, location: 2F 1-1: Foul Ball, location: 2F 1-2: Ball 2-2: Strikes out looking
|
| Bottom of the 5th over - 1 run, 3 hits, 0 errors, 1 left on base; Princeton 0 - Seattle (APP) 8 |
| TOP OF THE 6TH |
|
Princeton Rays batting - Pitching for Seattle (APP) Mariners : LHP Ramiro Aguilar
|
|
Batting: RHB Willie Acevedo
|
0-0: Ground out 4-3 (Groundball, 4, EV 76.9 MPH)
|
|
Batting: RHB Ben Saxton
|
0-0: Swinging Strike 0-1: Reached on error, E6 (Line Drive, 6, EV 62.5 MPH)
|
|
Pitching: LHP David Reyes
|
|
|
Batting: LHB Dave Northam
|
0-0: Swinging Strike 0-1: Ball 1-1: SINGLE (Line Drive, 4MD, EV 98.1 MPH) Ben Saxton to second
|
|
Batting: SHB Omar Cervantes
|
0-0: Ball 1-0: Ball 2-0: Foul Ball, location: 2F 2-1: Foul Ball, location: 2F 2-2: Foul Ball, location: 2F 2-2: Strikes out swinging
|
|
Batting: RHB Toshikatsu Omori
|
0-0: Ball 1-0: Ball 2-0: Called Strike 2-1: Called Strike 2-2: Strikes out looking
|
| Top of the 6th over - 0 runs, 1 hit, 1 error, 2 left on base; Princeton 0 - Seattle (APP) 8 |
| BOTTOM OF THE 6TH |
|
Seattle (APP) Mariners batting - Pitching for Princeton Rays : RHP J.P. Taylor
|
|
Batting: RHB Victor Rosas
|
0-0: Called Strike 0-1: Foul Ball, location: 2F 0-2: Ball 1-2: Ball 2-2: Fly out, F1 (Line Drive, P, EV 68.8 MPH)
|
|
Batting: RHB Steve Carmichael
|
0-0: Ball 1-0: SOLO HOME RUN (Flyball, 78XD, EV 111.9 MPH), Distance : 426 ft
|
|
Batting: RHB Tristan Martin
|
0-0: Foul Ball, location: 2F 0-1: Ball 1-1: Ball 2-1: Foul Ball, location: 2F 2-2: Ball 3-2: Strikes out swinging
|
|
Batting: LHB Garrett Dodge
|
0-0: Fly out, F8 (Flyball, 8LD, EV 98.8 MPH)
|
| Bottom of the 6th over - 1 run, 1 hit, 0 errors, 0 left on base; Princeton 0 - Seattle (APP) 9 |
| TOP OF THE 7TH |
|
Princeton Rays batting - Pitching for Seattle (APP) Mariners : LHP David Reyes
|
|
Batting: RHB Jeff Standridge
|
0-0: Ball 1-0: Called Strike 1-1: Foul Ball, location: 2F 1-2: Foul Ball, location: 2F 1-2: Ball 2-2: Strikes out swinging
|
|
Pinch Hitting: RHB Gabe Wilcoxon
|
0-0: Ball 1-0: Ball 2-0: Ball 3-0: Base on Balls
|
|
Batting: RHB Cody Gebo
|
0-0: Swinging Strike 0-1: Ball 1-1: Ball 2-1: Ball 3-1: Base on Balls Gabe Wilcoxon to second
|
|
Pitching: RHP Daniel Villalobos
|
|
|
Pinch Hitting: LHB Jonathan Watt
|
0-0: Ball 1-0: Foul Ball, location: 2F 1-1: Swinging Strike 1-2: Ball 2-2: Ball 3-2: Grounds into double play, 4-6-3 (Groundball, 4D, EV 83.1 MPH)
|
| Top of the 7th over - 0 runs, 0 hits, 0 errors, 1 left on base; Princeton 0 - Seattle (APP) 9 |
| BOTTOM OF THE 7TH |
|
Seattle (APP) Mariners batting - Pitching for Princeton Rays : RHP J.P. Taylor
|
|
Now in CF: Carlos Ruelas
|
|
|
Now in RF: Gabe Wilcoxon
|
|
|
Batting: LHB Yoshihisa Kobayashi
|
0-0: Ball 1-0: Ball 2-0: Fly out, F8 (Flyball, 8RXD, EV 103.1 MPH)
|
|
Pinch Hitting: RHB Jwahir Pili
|
0-0: Foul Ball, location: 2F 0-1: Ball 1-1: Foul Ball, location: 2F 1-2: Ball 2-2: Ball 3-2: Strikes out swinging
|
|
Batting: LHB William Gonzales
|
0-0: Ball 1-0: Ball 2-0: Ball 3-0: Base on Balls
|
|
Batting: RHB Rich Griffith
|
0-0: Ball 1-0: Ball 2-0: Foul Ball, location: 2F 2-1: Swinging Strike 2-2: Ball 3-2: Strikes out swinging
|
| Bottom of the 7th over - 0 runs, 0 hits, 0 errors, 1 left on base; Princeton 0 - Seattle (APP) 9 |
| TOP OF THE 8TH |
|
Princeton Rays batting - Pitching for Seattle (APP) Mariners : RHP Daniel Villalobos
|
|
Now at 3B: Jwahir Pili
|
|
|
Now at SS: Yoshihisa Kobayashi
|
|
|
Batting: RHB Willie Acevedo
|
0-0: Ground out 5-3 (Groundball, 56S, EV 78.8 MPH)
|
|
Batting: RHB Ben Saxton
|
0-0: Ground out 4-3 (Groundball, 4, EV 102.5 MPH)
|
|
Batting: LHB Dave Northam
|
0-0: Ball 1-0: Ball 2-0: Called Strike 2-1: Ball 3-1: Called Strike 3-2: Ground out U3 (Groundball, 3, EV 110.0 MPH)
|
| Top of the 8th over - 0 runs, 0 hits, 0 errors, 0 left on base; Princeton 0 - Seattle (APP) 9 |
| BOTTOM OF THE 8TH |
|
Seattle (APP) Mariners batting - Pitching for Princeton Rays : RHP J.P. Taylor
|
|
Batting: RHB Ross Hallock
|
0-0: Ball 1-0: Fly out, F2 (Popup, 23F, EV 88.8 MPH)
|
|
Pitching: RHP Michito Higashi
|
|
|
Batting: RHB Victor Rosas
|
0-0: Ball 1-0: Ball 2-0: Ball 3-0: Called Strike 3-1: Fly out, F8 (Flyball, 8LM, EV 89.4 MPH)
|
|
Batting: RHB Steve Carmichael
|
0-0: Ball 1-0: Called Strike 1-1: Swinging Strike 1-2: Strikes out swinging
|
| Bottom of the 8th over - 0 runs, 0 hits, 0 errors, 0 left on base; Princeton 0 - Seattle (APP) 9 |
| TOP OF THE 9TH |
|
Princeton Rays batting - Pitching for Seattle (APP) Mariners : RHP Daniel Villalobos
|
|
Batting: SHB Omar Cervantes
|
0-0: Ball 1-0: Ball 2-0: Foul Ball, location: 2F 2-1: Ball 3-1: Foul Ball, location: 2F 3-2: Foul Ball, location: 2F 3-2: Base on Balls
|
|
Batting: RHB Toshikatsu Omori
|
0-0: Grounds into double play, 4-6-3 (Groundball, 4S, EV 86.2 MPH)
|
|
Pinch Hitting: LHB Ian Cranton
|
0-0: Foul Ball, location: 2F 0-1: Ball 1-1: Ball 2-1: Foul Ball, location: 2F 2-2: Ball 3-2: Foul Ball, location: 2F 3-2: Ground out 5-3 (Groundball, 56, EV 84.4 MPH)
|
| Top of the 9th over - 0 runs, 0 hits, 0 errors, 0 left on base; Princeton 0 - Seattle (APP) 9 |
|